 Dungeon Crawl Stone Soup version 0.19.5 (webtiles) character file.

240 tof the Skirmisher (level 5, -7/47 HPs)
             Began as a Minotaur Monk on Mar 1, 2017.
             Killed by divine providence
             ... invoked by an orc priest
              (13 damage)
             ... on level 4 of the Dungeon.
             The game lasted 00:07:06 (1854 turns).

tof the Skirmisher (Minotaur Monk)                  Turns: 1854, Time: 00:07:06

Health: -7/47      AC: 11    Str: 16    XL:     5   Next: 79%
Magic:  4/4        EV:  6    Int:  7    God:
Gold:   83         SH:  0    Dex: 13    Spells: 0 memorised, 4 levels left

rFire  . . .     SeeInvis .     a - +0 mace
rCold  . . .     Gourm    .     n - +0 plate armour
rNeg   . . .     Faith    .     (no shield)
rPois  .         Spirit   .     (helmet restricted)
rElec  .         Reflect  .     (no cloak)
rCorr  .         Harm     .     t - +0 pair of gloves
MR     .....                    (no boots)
Stlth  ..........               (no amulet)
                                (no ring)
                                (no ring)

@: slowed, very slow
A: retaliatory headbutt, horns 2
a: no special abilities


You were on level 4 of the Dungeon.
You were hungry.

You visited 1 branch of the dungeon, and saw 3 of its levels.

You collected 83 gold pieces.

Inventory:

Hand Weapons
 a - a +0 mace (weapon)
 b - a +3 hunting sling
Missiles
 i - 52 stones
 p - 41 sling bullets (quivered)
Armour
 e - a +0 leather armour
 h - a +0 robe
 l - a +0 ring mail
 n - a +0 plate armour (worn)
 t - a +0 pair of gloves (worn)
Jewellery
 j - an uncursed amulet of regeneration {unknown}
Scrolls
 d - 3 scrolls of random uselessness {unknown}
 g - a scroll of recharging {unknown}
 m - a scroll of amnesia {unknown}
 o - a scroll of blinking {unknown}
 q - a scroll of enchant weapon {unknown}
 r - a scroll of immolation {unknown}
Potions
 f - a potion of brilliance {unknown}
 k - a potion of agility {unknown}
 s - a potion of degeneration {unknown}
Comestibles
 c - 2 bread rations


   Skills:
 + Level 4.5 Fighting
 + Level 4.3 Maces & Flails
 + Level 4.1 Slings
 + Level 1.9 Armour
 + Level 4.0 Dodging
 + Level 1.8 Stealth


You had 4 spell levels left.
You didn't know any spells.

Dungeon Overview and Level Annotations

Branches:
Dungeon (2/15)

Altars:
Yredelemnul

Annotations:
D:4 Thomus's ghost, amateur DECj


Innate Abilities, Weirdness & Mutations

You reflexively headbutt those who attack you in melee.
You have a pair of horns on your head.


Message History

You closely miss the orc.
The orc is almost dead.
The orc priest calls upon Beogh to heal the orc.
The orc is healed somewhat.
The orc priest hits you.
You hit the orc.
The orc is heavily wounded.
The orc wizard points at you and mumbles some strange words.
The magic dart hits you! The orc hits you but does no damage.
The orc wizard hits you but does no damage.
The orc priest invokes the aid of Beogh against you.
Beogh smites you!
* * * LOW HITPOINT WARNING * * *
The orc hits you but does no damage.
The orc wizard hits you but does no damage.
The orc priest hits you but does no damage.
The orc wizard hits you but does no damage.
The orc wizard barely misses you. The orc hits you but does no damage.
The orc priest invokes the aid of Beogh against you.
Beogh smites you!
You die...

...###...............#
#.......## ####
##..............#
#........#
#..............##
#.........
#..............#
#.........
##.........)....#
#.........
#...............#
#.........
##.........)....#
#.........
####......oo...#
#####.....
####...o@..## #####.
##..#..### #..
#..####.### ##..
.......## ##..## ####
#... .......
##..###..####...
.......
##.............
....... ##............
....... #............
....... #............


You could see an orc priest, an orc wizard and an orc.

Vanquished Creatures
  A phantom (D:4)
  An orc priest (D:4)
  An orc wizard (D:4)
  A worker ant (D:4)
  2 adders (D:2)
  3 worms (D:2)
  2 leopard geckos
  An orc (D:4)
  4 giant cockroaches
  3 hobgoblins
  7 bats
  4 frilled lizards (D:1)
  8 goblins
  4 kobolds
  2 rats (D:1)
  A spectral orc (D:2)
45 creatures vanquished.

Notes
Turn   | Place    | Note
-------+----------+-------------------------------------------
     0 | D:1      | tof the Minotaur Monk began the quest for the Orb.
     0 | D:1      | Reached XP level 1. HP: 19/19 MP: 0/0
   186 | D:1      | Reached XP level 2. HP: 27/27 MP: 1/1
   870 | D:2      | Reached XP level 3. HP: 29/33 MP: 2/2
   920 | D:2      | Found a basalt altar of Yredelemnul.
  1018 | D:2      | Reached skill level 1 in Slings
  1165 | D:2      | Reached XP level 4. HP: 40/40 MP: 3/3
  1365 | D:2      | You fall through a shaft for 2 floors!
  1405 | D:4      | Reached skill level 1 in Armour
  1430 | D:4      | Noticed Thomus's ghost (amateur DECj)
  1530 | D:4      | Reached XP level 5. HP: 47/47 MP: 4/4
  1655 | D:4      | Noticed a phantom
  1672 | D:4      | Killed a phantom
  1854 | D:4      | Killed from afar by an orc priest

Skill      XL: |  1  2  3  4  5 |
---------------+----------------+-----
Fighting       | 4 |  4.5
Maces & Flails | 4 |  4.3
Slings         | 2 3 4 |  4.1
Armour         | 1 |  1.9
Dodging        | 4 |  4.0
Stealth        | |  1.8

Action                   |  1- 3 |  4- 6 || total
-------------------------+-------+-------++-------
Melee: Mace              |    38 |    21 ||    59
       Headbutt          |     8 |     6 ||    14
 Fire: Hunting sling     |    58 |    13 ||    71
 Stab: Sleeping          |     1 |       ||     1
  Eat: Chunk             |     1 |     1 ||     2
Armor: Leather armour    |    12 |       ||    12
       Ring mail         |     5 |     1 ||     6
       Plate armour      |       |    20 ||    20
Dodge: Dodged            |    47 |     3 ||    50
